Avalanche vs Golden Knights
Created - December 2, 2020 at 19:27
Goals
|
| Avalanche |
0 |
2 |
1 |
3 |
| Golden Knights |
2 |
3 |
1 |
6 |
|
Shots
|
| Avalanche |
9 |
7 |
10 |
26 |
| Golden Knights |
11 |
9 |
14 |
34 |
|
1st period
1. Golden Knights , Sergei Plotnikov 2 (Shawn Matthias 5, Steve Bernier 5) at 6:53
2. Golden Knights , Wayne Simmonds 5 (Andrei Loktionov 18, Jared Cowen 11) at 7:41
Penalties :
Steve Bernier (Vgs) for Tripping (Minor) at 4:37, Tomas Tatar (Col) for Holding Stick (Minor) at 11:54, Vladimir Zharkov (Vgs) for Hooking (Minor) at 18:14, Paul Stastny (Col) for Goalie Interference (Minor) at 18:38
2nd period
3. Golden Knights , Zach Bogosian 9 (Sergei Plotnikov 8) at 5:05 (PP)
4. Avalanche , Evgeny Dadonov 4 (Paul Stastny 6, James Van Riemsdyk 9) at 7:38
5. Avalanche , Patric Hornqvist 7 (Bryan Little 18, Mikkel Boedker 23) at 8:49 (PP)
6. Golden Knights , Patrice Cormier 2 (Zach Bogosian 14, Jared Cowen 12) at 14:35
7. Golden Knights , Vladimir Zharkov 5 (Matt Stajan 8, Jared Cowen 13) at 16:34 (PP)
Penalties :
Kyle Turris (Col) for High sticking (Minor) at 5:04, Wayne Simmonds (Vgs) for Holding (Minor) at 5:37, Michael Frolik (Vgs) for Hooking (Minor) at 8:41, Vladimir Mihalik (Vgs) for Hooking (Minor) at 9:34, Peter Prucha (Col) for Hooking (Minor) at 11:54, James Van Riemsdyk (Col) for Roughing (Minor) at 15:27
3rd period
8. Golden Knights , Chris Tierney 1 (Ilya Kovalchuk 9) at 6:24 (SH)
9. Avalanche , Marc Staal 4 (Mikkel Boedker 24, Bryan Little 19) at 19:38 (PP)
Penalties :
Mikkel Boedker (Col) for Hooking (Minor) at 0:15, Andrei Loktionov (Vgs) for Roughing (Minor) at 6:13, Matt Stajan (Vgs) for Fighting (Major) at 10:37, Marc Staal (Col) for Fighting (Major) at 10:37, Vladimir Mihalik (Vgs) for Cross-checking (Minor) at 15:40, Andrei Loktionov (Vgs) for Elbowing (Minor) at 18:49
Goalie Stats
Cam Ward (Col), 14 saves from 16 shots - (0.875), 25:25 minutes
Semyon Varlamov (Col), 14 saves from 18 shots - (0.778), L, 5-3-3, 34:35 minutes
Ondrej Pavelec (Vgs), 23 saves from 26 shots - (0.885), W, 9-5-2, 60:00 minutes
Players Stats for Avalanche
Player Name G A P +/- PIM S H SB GA TA FO MP PP MP PK MP
------------------------------------------------------------------------------------
Bryan Little 0 2 2 -1 0 3 1 1 2 0 15/26 22:01 6:08 1:40
Charlie Coyle 0 0 0 -3 0 3 0 0 0 0 1/5 10:19 0:00 0:07
Colten Teubert 0 0 0 1 0 1 1 3 0 1 0/0 20:10 4:35 2:24
Erik Karlsson 0 0 0 1 0 1 0 1 1 1 0/0 20:10 4:35 2:24
Evgeny Dadonov 1 0 1 1 0 2 1 0 0 0 2/3 16:43 5:08 0:00
Jack Johnson 0 0 0 -4 0 0 1 3 2 1 0/0 29:45 6:41 5:05
James Van Riemsdyk 0 1 1 1 2 0 1 1 0 1 0/0 18:19 5:08 0:52
Kyle Turris 0 0 0 0 2 0 0 0 0 0 0/2 4:12 0:00 0:00
Luke Witkowski 0 0 0 0 0 2 1 0 0 0 0/2 4:13 0:00 0:00
Marc Staal 1 0 1 -4 5 1 1 3 1 1 0/0 26:54 6:41 5:05
Mattias Ekholm 0 0 0 0 0 1 0 0 0 0 0/0 12:28 0:00 0:00
Mikkel Boedker 0 2 2 -1 2 5 1 0 2 0 3/9 27:59 6:01 3:53
Patric Hornqvist 1 0 1 -1 0 2 0 2 0 1 1/2 24:55 6:08 4:57
Paul Stastny 0 1 1 1 2 1 2 0 0 0 10/15 18:57 5:07 1:35
Peter Prucha 0 0 0 -3 2 2 0 0 0 0 1/1 11:30 0:00 0:53
Stefan Elliott 0 0 0 0 0 0 1 1 0 0 0/0 10:32 0:00 0:00
Tomas Tatar 0 0 0 -3 2 2 2 1 0 0 0/0 9:40 0:00 0:00
Vincent Trocheck 0 0 0 0 0 0 0 0 0 0 0/1 2:02 0:07 1:01
Players Stats for Golden Knights
Player Name G A P +/- PIM S H SB GA TA FO MP PP MP PK MP
------------------------------------------------------------------------------------
Andrei Loktionov 0 1 1 0 4 1 3 1 1 0 5/16 17:12 3:10 0:00
Chris Higgins 0 0 0 2 0 1 0 0 1 1 1/1 7:52 0:00 0:00
Chris Tierney 1 0 1 0 0 1 0 1 0 1 6/8 12:30 0:00 5:31
Ilya Kovalchuk 0 1 1 0 0 2 0 1 0 1 0/0 20:12 3:10 5:31
Jared Cowen 0 3 3 0 0 0 2 2 1 1 0/0 23:40 3:57 5:27
Mathew Dumba 0 0 0 2 0 1 1 4 0 1 0/0 23:13 3:32 5:49
Matt Stajan 0 1 1 0 5 0 1 0 0 0 11/21 14:20 4:16 0:00
Michael Frolik 0 0 0 0 2 4 2 0 0 1 0/1 16:31 3:10 0:00
Michael Kostka 0 0 0 3 0 1 4 1 0 0 0/0 19:47 0:00 5:49
Patrice Cormier 1 0 1 2 0 2 0 0 0 0 8/13 15:35 0:03 5:33
Sergei Plotnikov 1 1 2 1 0 1 0 0 0 0 1/2 18:45 4:08 0:23
Shawn Matthias 0 1 1 1 0 0 0 0 0 0 0/1 8:04 0:00 0:40
Steve Bernier 0 1 1 1 2 0 0 0 1 0 1/1 7:39 0:11 0:00
Vladimir Mihalik 0 0 0 1 4 2 0 0 0 1 0/0 12:45 0:00 0:00
Vladimir Zharkov 1 0 1 0 2 1 2 0 1 1 0/1 15:07 4:19 0:00
Wayne Simmonds 1 0 1 1 2 3 0 0 0 0 0/1 12:42 0:00 4:54
Wes O'Neill 0 0 0 0 0 4 0 4 0 0 0/0 16:58 3:46 0:00
Zach Bogosian 1 1 2 0 0 10 4 0 1 0 0/0 24:08 3:43 5:27
3 Stars
1 - Zach Bogosian (Vgs)
2 - Jared Cowen (Vgs)
3 - Sergei Plotnikov (Vgs)
Power Play
Avalanche - 2 on 8 Attempt(s) - 25.00%
Golden Knights - 2 on 6 Attempt(s) - 33.33%
Penalty Kill
Avalanche - 4 on 6 Attempt(s) - 66.67%
- Score 0 goal in Penalty Kill
Golden Knights - 6 on 8 Attempt(s) - 75.00%
- Score 1 goal in Penalty Kill
Team Stat
Avalanche - Hits : 13 - Faceoff Wins : 33 - Blocked Shots : 16 - Penalty Minutes : 17
Golden Knights - Hits : 19 - Faceoff Wins : 33 - Blocked Shots : 14 - Penalty Minutes : 21
Official
Referees : Unknown
Linesman : Unknown
Game Notes
Cam Ward enters game at 14:35 of 2nd period
Matt Stajan and Marc Staal fight to a draw at 10:37 of 3rd period
Finance
Level 1 -- Attendance: 5505 (91.75%) -- Ticket Income $511,965
Level 2 -- Attendance: 4941 (98.82%) -- Ticket Income $291,519
Level 3 -- Attendance: 2000 (100.00%) -- Ticket Income $78,000
Level 4 -- Attendance: 4000 (100.00%) -- Ticket Income $108,000
Luxury Box -- Attendance: 1000 (100.00%) -- Ticket Income $160,000
Game was played at the Duff Garden.
Total Attendance: 17446 (96.92%)
Total Ticket Income: $1,149,484
Other Income: $172,423
Total Income: $1,321,907
Avalanche
5 vs 5 Forward
Center Left Wing Right Wing Time % Phy DF OF
1 Bryan Little Mikkel Boedker Patric Hornqvist 40 1 2 2
2 Paul Stastny James Van Riemsdyk Evgeny Dadonov 30 1 2 2
3 Charlie Coyle Tomas Tatar Peter Prucha 20 1 2 2
4 Kyle Turris Mikkel Boedker Luke Witkowski 10 1 2 2
5 vs 5 Defense
Defense Defense Time % Phy DF OF
1 Jack Johnson Marc Staal 40 1 2 2
2 Erik Karlsson Colten Teubert 30 1 2 2
3 Mattias Ekholm Stefan Elliott 20 1 2 2
4 Jack Johnson Marc Staal 10 1 2 2
PowerPlay Forward
Center Left Wing Right Wing Time % Phy DF OF
1 Bryan Little Mikkel Boedker Patric Hornqvist 60 1 2 2
2 Paul Stastny James Van Riemsdyk Evgeny Dadonov 40 1 2 2
PowerPlay Defense
Defense Defense Time % Phy DF OF
1 Jack Johnson Marc Staal 60 1 2 2
2 Erik Karlsson Colten Teubert 40 1 2 2
Penalty Kill 4 Players Forward
Center Wing Time % Phy DF OF
1 Mikkel Boedker Patric Hornqvist 60 1 2 2
2 Bryan Little Paul Stastny 40 1 2 2
Penalty Kill 4 Players Defense
Defense Defense Time % Phy DF OF
1 Jack Johnson Marc Staal 60 1 2 2
2 Erik Karlsson Colten Teubert 40 1 2 2
Penalty Kill - 3 Players Forward
Forward Time % Phy DF OF
1 Mikkel Boedker 60 1 2 2
2 Patric Hornqvist 40 1 2 2
Penalty Kill - 3 Players Defense
Defense Defense Time % Phy DF OF
1 Jack Johnson Marc Staal 60 1 2 2
2 Erik Karlsson Colten Teubert 40 1 2 2
4 vs 4 Forward
Center Wing Time % Phy DF OF
1 Mikkel Boedker Patric Hornqvist 60 1 2 2
2 Bryan Little Paul Stastny 40 1 2 2
4 vs 4 Defense
Defense Defense Time % Phy DF OF
1 Jack Johnson Marc Staal 60 1 2 2
2 Erik Karlsson Colten Teubert 40 1 2 2
Last Minutes Offensive
Center Left Wing Right Wing Defense Defense
Bryan Little Mikkel Boedker Patric Hornqvist Jack Johnson Marc Staal
Last Minutes Defensive
Center Left Wing Right Wing Defense Defense
Bryan Little Mikkel Boedker Patric Hornqvist Jack Johnson Marc Staal
Goaltenders
Starting : Semyon Varlamov
Backup : Cam Ward
Extra Forwards
Normal : Vincent Trocheck, Charlie Coyle, Peter Prucha - PP : Vincent Trocheck, Charlie Coyle - PK : Peter Prucha
Extra Defensemen
Normal : Mattias Ekholm, Stefan Elliott, Erik Karlsson - PP : Mattias Ekholm - PK : Stefan Elliott, Erik Karlsson
Penalty Shots
Mikkel Boedker, Patric Hornqvist, Bryan Little, Paul Stastny, Charlie Coyle
Scratches
Andrew Ladd (Bruised Left Arm Injury), Danny Richmond (Strained Left Elbow Injury)
Golden Knights
5 vs 5 Forward
Center Left Wing Right Wing Time % Phy DF OF
1 Andrei Loktionov Sergei Plotnikov Michael Frolik 35 1 2 2
2 Matt Stajan Ilya Kovalchuk Vladimir Zharkov 30 1 2 2
3 Patrice Cormier Chris Higgins Wayne Simmonds 20 1 2 2
4 Chris Tierney Shawn Matthias Steve Bernier 15 1 2 2
5 vs 5 Defense
Defense Defense Time % Phy DF OF
1 Zach Bogosian Michael Kostka 35 1 2 2
2 Wes O'Neill Mathew Dumba 35 1 2 2
3 Vladimir Mihalik Jared Cowen 30 1 2 2
4 Zach Bogosian Jared Cowen 0 1 2 2
PowerPlay Forward
Center Left Wing Right Wing Time % Phy DF OF
1 Andrei Loktionov Ilya Kovalchuk Michael Frolik 50 1 2 2
2 Matt Stajan Sergei Plotnikov Vladimir Zharkov 50 1 2 2
PowerPlay Defense
Defense Defense Time % Phy DF OF
1 Zach Bogosian Mathew Dumba 50 1 2 2
2 Wes O'Neill Jared Cowen 50 1 2 2
Penalty Kill 4 Players Forward
Center Wing Time % Phy DF OF
1 Chris Tierney Ilya Kovalchuk 50 1 2 2
2 Patrice Cormier Wayne Simmonds 50 1 2 2
Penalty Kill 4 Players Defense
Defense Defense Time % Phy DF OF
1 Zach Bogosian Jared Cowen 50 1 2 2
2 Michael Kostka Mathew Dumba 50 1 2 2
Penalty Kill - 3 Players Forward
Forward Time % Phy DF OF
1 Ilya Kovalchuk 60 1 2 2
2 Chris Higgins 40 1 2 2
Penalty Kill - 3 Players Defense
Defense Defense Time % Phy DF OF
1 Vladimir Mihalik Jared Cowen 69 1 2 2
2 Michael Kostka Wes O'Neill 31 1 2 2
4 vs 4 Forward
Center Wing Time % Phy DF OF
1 Matt Stajan Steve Bernier 60 1 2 2
2 Andrei Loktionov Sergei Plotnikov 40 1 2 2
4 vs 4 Defense
Defense Defense Time % Phy DF OF
1 Zach Bogosian Jared Cowen 60 1 2 2
2 Michael Kostka Mathew Dumba 40 1 2 2
Last Minutes Offensive
Center Left Wing Right Wing Defense Defense
Andrei Loktionov Sergei Plotnikov Michael Frolik Zach Bogosian Wes O'Neill
Last Minutes Defensive
Center Left Wing Right Wing Defense Defense
Matt Stajan Ilya Kovalchuk Michael Frolik Michael Kostka Jared Cowen
Goaltenders
Starting : Ondrej Pavelec
Backup : Matt Hackett
Extra Forwards
Normal : Patrice Cormier, Steve Bernier, Shawn Matthias - PP : Patrice Cormier, Steve Bernier - PK : Shawn Matthias
Extra Defensemen
Normal : Vladimir Mihalik, Wes O'Neill, Michael Kostka - PP : Vladimir Mihalik - PK : Wes O'Neill, Michael Kostka
Penalty Shots
Michael Frolik, Ilya Kovalchuk, Andrei Loktionov, Matt Stajan, Wayne Simmonds
Scratches
None
% Time on Ice - Avalanche
Lines # - Real PCT - Wanted PCT - Time Play
Normal Forward
1 - 34% - 40% - 13:39
2 - 31% - 30% - 12:15
3 - 24% - 20% - 9:33
4 - 11% - 10% - 4:13
Normal Defense
1 - 41% - 40% - 16:08
2 - 33% - 30% - 12:57
3 - 25% - 20% - 10:05
4 - 1% - 10% - 0:30
PP Forward
1 - 54% - 60% - 6:08
2 - 46% - 40% - 5:08
PP Defense
1 - 59% - 60% - 6:41
2 - 41% - 40% - 4:35
PK Forward
1 - 78% - 60% - 5:49
2 - 22% - 40% - 1:40
PK Defense
1 - 68% - 60% - 5:05
2 - 32% - 40% - 2:24
PK3 Forward
1 - 0% - 60%
2 - 0% - 40%
PK3 Defense
1 - 0% - 60%
2 - 0% - 40%
44 Forward
1 - 15% - 60% - 0:14
2 - 85% - 40% - 1:21
44 Defense
1 - 85% - 60% - 1:21
2 - 15% - 40% - 0:14
Last Minute Offensive - 0:00
Last Minute Defensive - 0:00
Total
Forward - 60:00
Defense - 60:00
|
% Time on Ice - Golden Knights
Lines # - Real PCT - Wanted PCT - Time Play
Normal Forward
1 - 36% - 35% - 14:23
2 - 29% - 30% - 11:22
3 - 20% - 20% - 7:47
4 - 15% - 15% - 6:08
Normal Defense
1 - 35% - 35% - 14:01
2 - 35% - 35% - 14:03
3 - 29% - 30% - 11:36
4 - 0% - 0% - 0:00
PP Forward
1 - 45% - 50% - 3:21
2 - 55% - 50% - 4:08
PP Defense
1 - 50% - 50% - 3:43
2 - 50% - 50% - 3:46
PK Forward
1 - 50% - 50% - 5:35
2 - 50% - 50% - 5:41
PK Defense
1 - 48% - 50% - 5:27
2 - 52% - 50% - 5:49
PK3 Forward
1 - 0% - 60%
2 - 0% - 40%
PK3 Defense
1 - 0% - 69%
2 - 0% - 31%
44 Forward
1 - 100% - 60% - 1:35
2 - 0% - 40% - 0:00
44 Defense
1 - 60% - 60% - 0:57
2 - 40% - 40% - 0:38
Last Minute Offensive - 0:00
Last Minute Defensive - 0:00
Total
Forward - 60:00
Defense - 60:00
|
Play-by-Play
1st period
0:01 of 1st period - Andrei Loktionov wins face-off versus Bryan Little in neutral zone.
0:06 of 1st period - Wrist shot by Michael Frolik.
0:06 of 1st period - Shot Misses the Net.
0:08 of 1st period - Slapshot by Sergei Plotnikov.
0:08 of 1st period - Shot Misses the Net.
0:10 of 1st period - Slapshot by Michael Frolik.
0:10 of 1st period - Stopped by Semyon Varlamov with a rebound.
0:12 of 1st period - Slapshot by Zach Bogosian.
0:12 of 1st period - Stopped by Semyon Varlamov with a rebound.
0:57 of 1st period - Slapshot by Wayne Simmonds.
0:57 of 1st period - Stopped by Semyon Varlamov without a rebound.
0:58 of 1st period - Chris Tierney wins face-off versus Luke Witkowski in Avalanche zone.
1:25 of 1st period - Mattias Ekholm is hit by Andrei Loktionov.
1:50 of 1st period - Ilya Kovalchuk is hit by Colten Teubert and loses puck.
3:20 of 1st period - Snap shot by Peter Prucha.
3:20 of 1st period - Deflect By Charlie Coyle.
3:20 of 1st period - Stopped by Ondrej Pavelec with a rebound.
3:22 of 1st period - Wrist shot by Charlie Coyle.
3:22 of 1st period - Shot Misses the Net.
3:24 of 1st period - Slapshot by Jack Johnson.
3:24 of 1st period - Shot Misses the Net.
4:23 of 1st period - Slapshot by Peter Prucha.
4:23 of 1st period - Stopped by Ondrej Pavelec with a rebound.
4:25 of 1st period - Wrist shot by Mattias Ekholm.
4:25 of 1st period - Shot Misses the Net.
4:27 of 1st period - Backhand shot by Charlie Coyle.
4:27 of 1st period - Stopped by Ondrej Pavelec with a rebound.
4:29 of 1st period - Snap shot by Charlie Coyle.
4:29 of 1st period - Shot Blocked by Wes O'Neill.
4:37 of 1st period - Minor Penalty to Steve Bernier for Tripping.
4:38 of 1st period - Chris Tierney wins face-off versus Paul Stastny in Golden Knights zone.
5:31 of 1st period - Colten Teubert is hit by Jared Cowen and loses puck.
6:12 of 1st period - Ilya Kovalchuk is hit by James Van Riemsdyk and loses puck.
6:37 of 1st period - Penalty to Steve Bernier is over, Steve Bernier is back on ice.
6:53 of 1st period - Wrist shot by Sergei Plotnikov.
6:53 of 1st period - Goal by Sergei Plotnikov - Avalanche : 0 - Golden Knights : 1.
6:54 of 1st period - Matt Stajan wins face-off versus Paul Stastny in neutral zone.
6:57 of 1st period - Erik Karlsson is hit by Vladimir Zharkov and loses puck.
7:02 of 1st period - Snap shot by Matt Stajan.
7:02 of 1st period - Shot Blocked by Erik Karlsson.
7:31 of 1st period - Wrist shot by Mikkel Boedker.
7:31 of 1st period - Shot Blocked by Jared Cowen.
7:41 of 1st period - Wrist shot by Wayne Simmonds.
7:41 of 1st period - Goal by Wayne Simmonds - Avalanche : 0 - Golden Knights : 2.
7:42 of 1st period - Bryan Little wins face-off versus Matt Stajan in neutral zone.
7:55 of 1st period - Slapshot by Bryan Little.
7:55 of 1st period - Stopped by Ondrej Pavelec without a rebound.
7:56 of 1st period - Andrei Loktionov wins face-off versus Bryan Little in Golden Knights zone.
8:01 of 1st period - Patric Hornqvist is hit by Zach Bogosian and loses puck.
8:28 of 1st period - Snap shot by Matt Stajan.
8:28 of 1st period - Shot Misses the Net.
8:30 of 1st period - Snap shot by Vladimir Zharkov.
8:30 of 1st period - Shot Misses the Net.
8:44 of 1st period - Wayne Simmonds is hit by Tomas Tatar and loses puck.
8:51 of 1st period - Wrist shot by Chris Higgins.
8:51 of 1st period - Shot Blocked by Colten Teubert.
9:11 of 1st period - Slapshot by Mikkel Boedker.
9:11 of 1st period - Shot Misses the Net.
9:13 of 1st period - Snap shot by Mikkel Boedker.
9:13 of 1st period - Shot Misses the Net.
9:25 of 1st period - Wrist shot by Andrei Loktionov.
9:25 of 1st period - Shot Misses the Net.
9:27 of 1st period - Wrist shot by Vladimir Mihalik.
9:27 of 1st period - Deflect By Mikkel Boedker.
9:27 of 1st period - Stopped by Semyon Varlamov without a rebound.
9:28 of 1st period - Paul Stastny wins face-off versus Andrei Loktionov in Avalanche zone.
9:33 of 1st period - Slapshot by James Van Riemsdyk.
9:33 of 1st period - Shot Misses the Net.
9:35 of 1st period - Slapshot by Marc Staal.
9:35 of 1st period - Shot Misses the Net.
9:41 of 1st period - Snap shot by Paul Stastny.
9:41 of 1st period - Deflect By James Van Riemsdyk.
9:41 of 1st period - Shot Misses the Net.
9:41 of 1st period - Puck is out of play.
9:42 of 1st period - Bryan Little wins face-off versus Matt Stajan in Golden Knights zone.
10:00 of 1st period - Off-side.
10:01 of 1st period - Paul Stastny wins face-off versus Sergei Plotnikov in neutral zone.
10:09 of 1st period - Paul Stastny is hit by Michael Kostka and loses puck.
10:36 of 1st period - Slapshot by Zach Bogosian.
10:36 of 1st period - Shot Blocked by Marc Staal.
10:38 of 1st period - Slapshot by Zach Bogosian.
10:38 of 1st period - Shot Blocked by Patric Hornqvist.
10:40 of 1st period - Snap shot by Michael Kostka.
10:40 of 1st period - Deflect By Bryan Little.
10:40 of 1st period - Stopped by Semyon Varlamov without a rebound.
10:41 of 1st period - Paul Stastny wins face-off versus Patrice Cormier in Avalanche zone.
10:48 of 1st period - Snap shot by James Van Riemsdyk.
10:48 of 1st period - Shot Misses the Net.
11:34 of 1st period - Snap shot by Michael Frolik.
11:34 of 1st period - Shot Blocked by Marc Staal.
11:36 of 1st period - Slapshot by Mathew Dumba.
11:36 of 1st period - Stopped by Semyon Varlamov with a rebound.
11:38 of 1st period - Slapshot by Matt Stajan.
11:38 of 1st period - Shot Blocked by Tomas Tatar.
11:54 of 1st period - Minor Penalty to Tomas Tatar for Holding Stick.
11:55 of 1st period - Andrei Loktionov wins face-off versus Mikkel Boedker in Avalanche zone.
12:10 of 1st period - Snap shot by Michael Frolik.
12:10 of 1st period - Shot Blocked by Patric Hornqvist.
12:12 of 1st period - Snap shot by Michael Frolik.
12:12 of 1st period - Deflect By Jack Johnson.
12:12 of 1st period - Shot Misses the Net.
12:12 of 1st period - Puck is out of play.
12:13 of 1st period - Mikkel Boedker wins face-off versus Vladimir Zharkov in Avalanche zone.
12:40 of 1st period - Snap shot by Michael Frolik.
12:40 of 1st period - Stopped by Semyon Varlamov without a rebound.
12:41 of 1st period - Mikkel Boedker wins face-off versus Andrei Loktionov in Avalanche zone.
13:14 of 1st period - Slapshot by Zach Bogosian.
13:14 of 1st period - Stopped by Semyon Varlamov with a rebound.
13:16 of 1st period - Slapshot by Matt Stajan.
13:16 of 1st period - Deflect By Vladimir Zharkov.
13:16 of 1st period - Shot Blocked by Bryan Little.
13:16 of 1st period - Puck is out of play.
13:17 of 1st period - Bryan Little wins face-off versus Michael Frolik in Avalanche zone.
13:32 of 1st period - Snap shot by Michael Frolik.
13:32 of 1st period - Shot Misses the Net.
13:34 of 1st period - Wrist shot by Andrei Loktionov.
13:34 of 1st period - Stopped by Semyon Varlamov with a rebound.
13:54 of 1st period - Penalty to Tomas Tatar is over, Tomas Tatar is back on ice.
14:04 of 1st period - Jack Johnson is hit by Mathew Dumba and loses puck.
14:35 of 1st period - Wrist shot by Zach Bogosian.
14:35 of 1st period - Shot Misses the Net.
14:37 of 1st period - Snap shot by Chris Tierney.
14:37 of 1st period - Deflect By Steve Bernier.
14:37 of 1st period - Shot Misses the Net.
14:37 of 1st period - Puck is out of play.
14:38 of 1st period - Andrei Loktionov wins face-off versus Bryan Little in Avalanche zone.
14:39 of 1st period - Snap shot by Michael Frolik.
14:39 of 1st period - Shot Misses the Net.
15:51 of 1st period - Patric Hornqvist is hit by Michael Frolik and loses puck.
16:06 of 1st period - Wrist shot by Bryan Little.
16:06 of 1st period - Shot Misses the Net.
16:08 of 1st period - Wrist shot by Patric Hornqvist.
16:08 of 1st period - Shot Blocked by Mathew Dumba.
16:12 of 1st period - Snap shot by Mikkel Boedker.
16:12 of 1st period - Stopped by Ondrej Pavelec with a rebound.
16:14 of 1st period - Snap shot by Mattias Ekholm.
16:14 of 1st period - Shot Blocked by Andrei Loktionov.
17:14 of 1st period - Wrist shot by Bryan Little.
17:14 of 1st period - Stopped by Ondrej Pavelec with a rebound.
17:16 of 1st period - Wrist shot by Erik Karlsson.
17:16 of 1st period - Shot Blocked by Wes O'Neill.
17:18 of 1st period - Snap shot by Patric Hornqvist.
17:18 of 1st period - Shot Blocked by Mathew Dumba.
17:20 of 1st period - Slapshot by Bryan Little.
17:20 of 1st period - Shot Misses the Net.
17:26 of 1st period - Snap shot by Mikkel Boedker.
17:26 of 1st period - Stopped by Ondrej Pavelec with a rebound.
18:01 of 1st period - Wrist shot by Patric Hornqvist.
18:01 of 1st period - Shot Blocked by Mathew Dumba.
18:03 of 1st period - Slapshot by Erik Karlsson.
18:03 of 1st period - Shot Misses the Net.
18:05 of 1st period - Snap shot by Bryan Little.
18:05 of 1st period - Stopped by Ondrej Pavelec with a rebound.
18:07 of 1st period - Snap shot by Bryan Little.
18:07 of 1st period - Shot Misses the Net.
18:09 of 1st period - Snap shot by Bryan Little.
18:09 of 1st period - Shot Misses the Net.
18:11 of 1st period - Slapshot by Erik Karlsson.
18:11 of 1st period - Stopped by Ondrej Pavelec without a rebound.
18:12 of 1st period - Matt Stajan wins face-off versus Paul Stastny in Golden Knights zone.
18:14 of 1st period - Minor Penalty to Vladimir Zharkov for Hooking.
18:15 of 1st period - Paul Stastny wins face-off versus Wayne Simmonds in Golden Knights zone.
18:38 of 1st period - Minor Penalty to Paul Stastny for Goalie Interference.
18:39 of 1st period - Steve Bernier wins face-off versus Vincent Trocheck in Avalanche zone.
19:04 of 1st period - Steve Bernier is hit by Marc Staal and loses puck.
Goals for this period are 0 for Avalanche vs 2 for Golden Knights.
Shots for this period are 9 for Avalanche vs 11 for Golden Knights.
2nd period
0:01 of 2nd period - Matt Stajan wins face-off versus Mikkel Boedker in neutral zone.
0:14 of 2nd period - Penalty to Vladimir Zharkov is over, Vladimir Zharkov is back on ice.
0:38 of 2nd period - Penalty to Paul Stastny is over, Paul Stastny is back on ice.
1:09 of 2nd period - Backhand shot by Paul Stastny.
1:09 of 2nd period - Stopped by Ondrej Pavelec without a rebound.
1:10 of 2nd period - Chris Tierney wins face-off versus Kyle Turris in Golden Knights zone.
1:10 of 2nd period - Chris Tierney is hit by Luke Witkowski.
2:41 of 2nd period - Snap shot by Chris Tierney.
2:41 of 2nd period - Shot Blocked by Colten Teubert.
2:43 of 2nd period - Slapshot by Mathew Dumba.
2:43 of 2nd period - Shot Misses the Net.
2:50 of 2nd period - Icing by James Van Riemsdyk.
2:51 of 2nd period - Paul Stastny wins face-off versus Matt Stajan in Avalanche zone.
3:00 of 2nd period - Snap shot by Bryan Little.
3:00 of 2nd period - Deflect By Patric Hornqvist.
3:00 of 2nd period - Stopped by Ondrej Pavelec without a rebound.
3:01 of 2nd period - Matt Stajan wins face-off versus Bryan Little in Golden Knights zone.
3:06 of 2nd period - Snap shot by Mikkel Boedker.
3:06 of 2nd period - Shot Blocked by Ilya Kovalchuk.
3:08 of 2nd period - Slapshot by Bryan Little.
3:08 of 2nd period - Shot Misses the Net.
3:10 of 2nd period - Slapshot by Jack Johnson.
3:10 of 2nd period - Deflect By Bryan Little.
3:10 of 2nd period - Deflect By Zach Bogosian.
3:10 of 2nd period - Shot Misses the Net.
3:10 of 2nd period - Puck is out of play.
3:11 of 2nd period - Evgeny Dadonov wins face-off versus Matt Stajan in Golden Knights zone.
3:26 of 2nd period - Michael Kostka is hit by Evgeny Dadonov and loses puck.
3:41 of 2nd period - Snap shot by Matt Stajan.
3:41 of 2nd period - Deflect By Ilya Kovalchuk.
3:41 of 2nd period - Shot Misses the Net.
3:41 of 2nd period - Puck is out of play.
3:42 of 2nd period - Bryan Little wins face-off versus Andrei Loktionov in Avalanche zone.
4:59 of 2nd period - Slapshot by Zach Bogosian.
4:59 of 2nd period - Stopped by Semyon Varlamov with a rebound.
5:04 of 2nd period - Minor Penalty to Kyle Turris for High sticking.
5:05 of 2nd period - Sergei Plotnikov wins face-off versus Mikkel Boedker in Avalanche zone.
5:05 of 2nd period - Slapshot by Zach Bogosian.
5:05 of 2nd period - Goal by Zach Bogosian - Avalanche : 0 - Golden Knights : 3.
5:06 of 2nd period - Bryan Little wins face-off versus Matt Stajan in neutral zone.
5:37 of 2nd period - Minor Penalty to Wayne Simmonds for Holding.
5:38 of 2nd period - Patric Hornqvist wins face-off versus Chris Tierney in Golden Knights zone.
5:38 of 2nd period - Slapshot by Mikkel Boedker.
5:38 of 2nd period - Shot Misses the Net.
6:38 of 2nd period - Snap shot by Evgeny Dadonov.
6:38 of 2nd period - Deflect By James Van Riemsdyk.
6:38 of 2nd period - Shot Misses the Net.
6:38 of 2nd period - Puck is out of play.
6:39 of 2nd period - Chris Tierney wins face-off versus Paul Stastny in Golden Knights zone.
6:50 of 2nd period - Slapshot by Erik Karlsson.
6:50 of 2nd period - Shot Blocked by Chris Tierney.
6:52 of 2nd period - Slapshot by Colten Teubert.
6:52 of 2nd period - Deflect By James Van Riemsdyk.
6:52 of 2nd period - Shot Blocked by Mathew Dumba.
6:52 of 2nd period - Puck is out of play.
6:53 of 2nd period - Chris Tierney wins face-off versus Evgeny Dadonov in Golden Knights zone.
7:00 of 2nd period - Slapshot by Zach Bogosian.
7:00 of 2nd period - Stopped by Semyon Varlamov with a rebound.
7:02 of 2nd period - Slapshot by Zach Bogosian.
7:02 of 2nd period - Deflect By Ilya Kovalchuk.
7:02 of 2nd period - Shot Misses the Net.
7:02 of 2nd period - Puck is out of play.
7:03 of 2nd period - Paul Stastny wins face-off versus Chris Tierney in Avalanche zone.
7:16 of 2nd period - Wrist shot by Chris Tierney.
7:16 of 2nd period - Shot Misses the Net.
7:18 of 2nd period - Wrist shot by Ilya Kovalchuk.
7:18 of 2nd period - Shot Blocked by Colten Teubert.
7:37 of 2nd period - Penalty to Wayne Simmonds is over, Wayne Simmonds is back on ice.
7:38 of 2nd period - Snap shot by Evgeny Dadonov.
7:38 of 2nd period - Goal by Evgeny Dadonov - Avalanche : 1 - Golden Knights : 3.
7:39 of 2nd period - Bryan Little wins face-off versus Andrei Loktionov in neutral zone.
8:05 of 2nd period - Jack Johnson is hit by Zach Bogosian.
8:35 of 2nd period - Wrist shot by Charlie Coyle.
8:35 of 2nd period - Stopped by Ondrej Pavelec without a rebound.
8:36 of 2nd period - Bryan Little wins face-off versus Andrei Loktionov in Golden Knights zone.
8:39 of 2nd period - Snap shot by Mikkel Boedker.
8:39 of 2nd period - Shot Blocked by Jared Cowen.
8:41 of 2nd period - Minor Penalty to Michael Frolik for Hooking.
8:42 of 2nd period - Bryan Little wins face-off versus Patrice Cormier in Golden Knights zone.
8:49 of 2nd period - Slapshot by Bryan Little.
8:49 of 2nd period - Deflect By Patric Hornqvist.
8:49 of 2nd period - Goal by Patric Hornqvist - Avalanche : 2 - Golden Knights : 3.
8:50 of 2nd period - Matt Stajan wins face-off versus Bryan Little in neutral zone.
8:55 of 2nd period - Matt Stajan is hit by Bryan Little.
9:22 of 2nd period - Snap shot by Michael Frolik.
9:22 of 2nd period - Stopped by Semyon Varlamov with a rebound.
9:34 of 2nd period - Minor Penalty to Vladimir Mihalik for Hooking.
9:35 of 2nd period - Patrice Cormier wins face-off versus Patric Hornqvist in Golden Knights zone.
10:14 of 2nd period - Snap shot by Evgeny Dadonov.
10:14 of 2nd period - Shot Misses the Net.
11:34 of 2nd period - Penalty to Vladimir Mihalik is over, Vladimir Mihalik is back on ice.
11:54 of 2nd period - Minor Penalty to Peter Prucha for Hooking.
11:55 of 2nd period - Matt Stajan wins face-off versus Mikkel Boedker in Avalanche zone.
11:55 of 2nd period - Slapshot by Zach Bogosian.
11:55 of 2nd period - Stopped by Semyon Varlamov without a rebound.
11:56 of 2nd period - Matt Stajan wins face-off versus Mikkel Boedker in Avalanche zone.
12:23 of 2nd period - Slapshot by Zach Bogosian.
12:23 of 2nd period - Deflect By Vladimir Zharkov.
12:23 of 2nd period - Shot Misses the Net.
12:23 of 2nd period - Puck is out of play.
12:24 of 2nd period - Andrei Loktionov wins face-off versus Mikkel Boedker in Avalanche zone.
12:57 of 2nd period - Snap shot by Matt Stajan.
12:57 of 2nd period - Shot Blocked by Jack Johnson.
12:59 of 2nd period - Slapshot by Wes O'Neill.
12:59 of 2nd period - Stopped by Semyon Varlamov without a rebound.
13:00 of 2nd period - Bryan Little wins face-off versus Andrei Loktionov in Avalanche zone.
13:07 of 2nd period - Ilya Kovalchuk is hit by Paul Stastny and loses puck.
13:54 of 2nd period - Penalty to Peter Prucha is over, Peter Prucha is back on ice.
13:59 of 2nd period - Icing by James Van Riemsdyk.
14:00 of 2nd period - Chris Higgins wins face-off versus Charlie Coyle in Avalanche zone.
14:24 of 2nd period - Charlie Coyle is hit by Jared Cowen and loses puck.
14:33 of 2nd period - Slapshot by Zach Bogosian.
14:33 of 2nd period - Shot Blocked by Jack Johnson.
14:35 of 2nd period - Wrist shot by Patrice Cormier.
14:35 of 2nd period - Goal by Patrice Cormier - Avalanche : 2 - Golden Knights : 4.
14:35 of 2nd period - Cam Ward enters game.
14:36 of 2nd period - Matt Stajan wins face-off versus Bryan Little in neutral zone.
15:03 of 2nd period - Colten Teubert is hit by Michael Frolik and loses puck.
15:27 of 2nd period - Minor Penalty to James Van Riemsdyk for Roughing.
15:28 of 2nd period - Mikkel Boedker wins face-off versus Matt Stajan in Avalanche zone.
15:37 of 2nd period - Snap shot by Mikkel Boedker.
15:37 of 2nd period - Shot Misses the Net.
16:32 of 2nd period - Slapshot by Matt Stajan.
16:32 of 2nd period - Shot Misses the Net.
16:34 of 2nd period - Snap shot by Vladimir Zharkov.
16:34 of 2nd period - Goal by Vladimir Zharkov - Avalanche : 2 - Golden Knights : 5.
16:35 of 2nd period - Patrice Cormier wins face-off versus Bryan Little in neutral zone.
16:38 of 2nd period - Slapshot by Zach Bogosian.
16:38 of 2nd period - Stopped by Cam Ward with a rebound.
17:25 of 2nd period - Slapshot by Charlie Coyle.
17:25 of 2nd period - Shot Misses the Net.
17:27 of 2nd period - Slapshot by Peter Prucha.
17:27 of 2nd period - Stopped by Ondrej Pavelec without a rebound.
17:28 of 2nd period - Matt Stajan wins face-off versus Charlie Coyle in Golden Knights zone.
17:49 of 2nd period - Wrist shot by Tomas Tatar.
17:49 of 2nd period - Shot Misses the Net.
17:57 of 2nd period - Wes O'Neill is hit by Tomas Tatar and loses puck.
18:14 of 2nd period - Slapshot by Tomas Tatar.
18:14 of 2nd period - Stopped by Ondrej Pavelec without a rebound.
18:15 of 2nd period - Bryan Little wins face-off versus Matt Stajan in Golden Knights zone.
18:32 of 2nd period - Snap shot by Ilya Kovalchuk.
18:32 of 2nd period - Shot Blocked by Marc Staal.
18:42 of 2nd period - Patrice Cormier is hit by Paul Stastny and loses puck.
19:10 of 2nd period - Jared Cowen is hit by Mikkel Boedker and loses puck.
Goals for this period are 2 for Avalanche vs 3 for Golden Knights.
Shots for this period are 7 for Avalanche vs 9 for Golden Knights.
3rd period
0:01 of 3rd period - Bryan Little wins face-off versus Matt Stajan in neutral zone.
0:06 of 3rd period - Slapshot by Mikkel Boedker.
0:06 of 3rd period - Stopped by Ondrej Pavelec with a rebound.
0:12 of 3rd period - Snap shot by Wes O'Neill.
0:12 of 3rd period - Stopped by Cam Ward without a rebound.
0:13 of 3rd period - Bryan Little wins face-off versus Matt Stajan in Avalanche zone.
0:15 of 3rd period - Minor Penalty to Mikkel Boedker for Hooking.
0:16 of 3rd period - Peter Prucha wins face-off versus Andrei Loktionov in Avalanche zone.
0:43 of 3rd period - Mathew Dumba is hit by Jack Johnson and loses puck.
2:15 of 3rd period - Penalty to Mikkel Boedker is over, Mikkel Boedker is back on ice.
2:23 of 3rd period - Backhand shot by Mattias Ekholm.
2:23 of 3rd period - Shot Blocked by Wes O'Neill.
2:25 of 3rd period - Wrist shot by Luke Witkowski.
2:25 of 3rd period - Stopped by Ondrej Pavelec with a rebound.
2:27 of 3rd period - Slapshot by Mattias Ekholm.
2:27 of 3rd period - Shot Misses the Net.
2:29 of 3rd period - Slapshot by Mattias Ekholm.
2:29 of 3rd period - Shot Blocked by Wes O'Neill.
2:31 of 3rd period - Snap shot by Mikkel Boedker.
2:31 of 3rd period - Stopped by Ondrej Pavelec without a rebound.
2:32 of 3rd period - Patrice Cormier wins face-off versus Charlie Coyle in Golden Knights zone.
3:01 of 3rd period - Erik Karlsson is hit by Michael Kostka and loses puck.
3:29 of 3rd period - Stefan Elliott is hit by Andrei Loktionov.
3:44 of 3rd period - Mattias Ekholm is hit by Matt Stajan and loses puck.
5:25 of 3rd period - Wrist shot by Patrice Cormier.
5:25 of 3rd period - Shot Blocked by Stefan Elliott.
5:27 of 3rd period - Wrist shot by Patrice Cormier.
5:27 of 3rd period - Stopped by Cam Ward with a rebound.
5:35 of 3rd period - Wrist shot by Patrice Cormier.
5:35 of 3rd period - Deflect By Wayne Simmonds.
5:35 of 3rd period - Stopped by Cam Ward without a rebound.
5:36 of 3rd period - Paul Stastny wins face-off versus Andrei Loktionov in Avalanche zone.
6:13 of 3rd period - Minor Penalty to Andrei Loktionov for Roughing.
6:14 of 3rd period - Patrice Cormier wins face-off versus Bryan Little in Golden Knights zone.
6:24 of 3rd period - Wrist shot by Chris Tierney.
6:24 of 3rd period - Goal by Chris Tierney - Avalanche : 2 - Golden Knights : 6.
6:25 of 3rd period - Bryan Little wins face-off versus Patrice Cormier in neutral zone.
6:42 of 3rd period - Snap shot by Bryan Little.
6:42 of 3rd period - Shot Misses the Net.
7:58 of 3rd period - Mikkel Boedker is hit by Michael Kostka and loses puck.
8:13 of 3rd period - Penalty to Andrei Loktionov is over, Andrei Loktionov is back on ice.
8:24 of 3rd period - Wrist shot by Ilya Kovalchuk.
8:24 of 3rd period - Shot Misses the Net.
8:38 of 3rd period - Slapshot by Zach Bogosian.
8:38 of 3rd period - Deflect By Marc Staal.
8:38 of 3rd period - Stopped by Cam Ward with a rebound.
8:44 of 3rd period - Snap shot by Ilya Kovalchuk.
8:44 of 3rd period - Shot Misses the Net.
8:46 of 3rd period - Slapshot by Jared Cowen.
8:46 of 3rd period - Shot Misses the Net.
8:48 of 3rd period - Snap shot by Jared Cowen.
8:48 of 3rd period - Shot Blocked by Jack Johnson.
8:50 of 3rd period - Wrist shot by Ilya Kovalchuk.
8:50 of 3rd period - Stopped by Cam Ward with a rebound.
8:52 of 3rd period - Snap shot by Ilya Kovalchuk.
8:52 of 3rd period - Stopped by Cam Ward with a rebound.
8:54 of 3rd period - Slapshot by Zach Bogosian.
8:54 of 3rd period - Stopped by Cam Ward without a rebound.
8:55 of 3rd period - Patrice Cormier wins face-off versus Luke Witkowski in Avalanche zone.
9:02 of 3rd period - Snap shot by Chris Higgins.
9:02 of 3rd period - Stopped by Cam Ward without a rebound.
9:03 of 3rd period - Patrice Cormier wins face-off versus Kyle Turris in Avalanche zone.
9:27 of 3rd period - Off-side.
9:28 of 3rd period - Paul Stastny wins face-off versus Andrei Loktionov in neutral zone.
9:55 of 3rd period - Chris Higgins is hit by Stefan Elliott.
10:18 of 3rd period - Icing by Patric Hornqvist.
10:19 of 3rd period - Matt Stajan wins face-off versus Charlie Coyle in Avalanche zone.
10:32 of 3rd period - Slapshot by Vladimir Mihalik.
10:32 of 3rd period - Stopped by Cam Ward without a rebound.
10:33 of 3rd period - Matt Stajan wins face-off versus Bryan Little in Avalanche zone.
10:37 of 3rd period - Matt Stajan and Marc Staal fight to a draw.
10:37 of 3rd period - Penalty to Matt Stajan for Fighting.
10:37 of 3rd period - Penalty to Marc Staal for Fighting.
10:38 of 3rd period - Bryan Little wins face-off versus Patrice Cormier in Avalanche zone.
11:10 of 3rd period - Evgeny Dadonov is hit by Andrei Loktionov and loses puck.
11:35 of 3rd period - Snap shot by Peter Prucha.
11:35 of 3rd period - Shot Misses the Net.
11:49 of 3rd period - Slapshot by Mikkel Boedker.
11:49 of 3rd period - Stopped by Ondrej Pavelec with a rebound.
11:51 of 3rd period - Snap shot by Jack Johnson.
11:51 of 3rd period - Shot Misses the Net.
11:53 of 3rd period - Wrist shot by Luke Witkowski.
11:53 of 3rd period - Stopped by Ondrej Pavelec with a rebound.
12:34 of 3rd period - Snap shot by Michael Frolik.
12:34 of 3rd period - Stopped by Cam Ward without a rebound.
12:35 of 3rd period - Evgeny Dadonov wins face-off versus Patrice Cormier in Avalanche zone.
12:50 of 3rd period - Snap shot by Evgeny Dadonov.
12:50 of 3rd period - Stopped by Ondrej Pavelec with a rebound.
13:33 of 3rd period - Slapshot by Zach Bogosian.
13:33 of 3rd period - Stopped by Cam Ward without a rebound.
13:34 of 3rd period - Patrice Cormier wins face-off versus Paul Stastny in Avalanche zone.
14:12 of 3rd period - Snap shot by Vladimir Zharkov.
14:12 of 3rd period - Shot Misses the Net.
14:14 of 3rd period - Slapshot by Wes O'Neill.
14:14 of 3rd period - Stopped by Cam Ward with a rebound.
14:16 of 3rd period - Snap shot by Mathew Dumba.
14:16 of 3rd period - Shot Blocked by James Van Riemsdyk.
14:18 of 3rd period - Snap shot by Ilya Kovalchuk.
14:18 of 3rd period - Shot Misses the Net.
14:20 of 3rd period - Slapshot by Wes O'Neill.
14:20 of 3rd period - Deflect By James Van Riemsdyk.
14:20 of 3rd period - Stopped by Cam Ward without a rebound.
14:21 of 3rd period - Bryan Little wins face-off versus Andrei Loktionov in Avalanche zone.
15:34 of 3rd period - Snap shot by Evgeny Dadonov.
15:34 of 3rd period - Shot Misses the Net.
15:40 of 3rd period - Minor Penalty to Vladimir Mihalik for Cross-checking.
15:41 of 3rd period - Patrice Cormier wins face-off versus Bryan Little in Golden Knights zone.
15:48 of 3rd period - Patric Hornqvist is hit by Zach Bogosian and loses puck.
16:07 of 3rd period - James Van Riemsdyk is hit by Zach Bogosian and loses puck.
16:36 of 3rd period - Mikkel Boedker is hit by Michael Kostka and loses puck.
17:40 of 3rd period - Penalty to Vladimir Mihalik is over, Vladimir Mihalik is back on ice.
17:46 of 3rd period - Icing by Shawn Matthias.
17:47 of 3rd period - Charlie Coyle wins face-off versus Shawn Matthias in Golden Knights zone.
17:48 of 3rd period - Wrist shot by Tomas Tatar.
17:48 of 3rd period - Stopped by Ondrej Pavelec with a rebound.
17:50 of 3rd period - Slapshot by Mattias Ekholm.
17:50 of 3rd period - Shot Misses the Net.
17:52 of 3rd period - Slapshot by Mattias Ekholm.
17:52 of 3rd period - Shot Misses the Net.
17:54 of 3rd period - Slapshot by Mattias Ekholm.
17:54 of 3rd period - Stopped by Ondrej Pavelec with a rebound.
17:56 of 3rd period - Snap shot by Stefan Elliott.
17:56 of 3rd period - Shot Blocked by Michael Kostka.
18:19 of 3rd period - Mikkel Boedker is hit by Vladimir Zharkov and loses puck.
18:49 of 3rd period - Minor Penalty to Andrei Loktionov for Elbowing.
18:50 of 3rd period - Chris Tierney wins face-off versus Bryan Little in Golden Knights zone.
19:38 of 3rd period - Slapshot by Marc Staal.
19:38 of 3rd period - Deflect By Zach Bogosian.
19:38 of 3rd period - Goal by Marc Staal - Avalanche : 3 - Golden Knights : 6.
19:39 of 3rd period - Paul Stastny wins face-off versus Andrei Loktionov in neutral zone.
19:42 of 3rd period - Slapshot by Colten Teubert.
19:42 of 3rd period - Stopped by Ondrej Pavelec with a rebound.
19:51 of 3rd period - Icing by Evgeny Dadonov.
19:52 of 3rd period - Paul Stastny wins face-off versus Matt Stajan in Avalanche zone.
Goals for this period are 1 for Avalanche vs 1 for Golden Knights.
Shots for this period are 10 for Avalanche vs 14 for Golden Knights.